 Dungeon Crawl Stone Soup version 0.27-a0-1188-g73eefd5def (webtiles) character file.

Game seed: 3922572164991812128

85 leviel the Covered (level 4, -7/41 HPs)
             Began as a Minotaur Fighter on May 20, 2021.
             Mangled by Sigmund
             ... wielding a +0 scythe
              (8 damage)
             ... on level 2 of the Dungeon.
             The game lasted 00:02:08 (1444 turns).

leviel the Covered (Minotaur Fighter)               Turns: 1444, Time: 00:02:08

Health: -7/41      AC:  8    Str: 21    XL:     4   Next: 25%
Magic:  3/3        EV:  7    Int:  5    God:
Gold:   31         SH:  9    Dex: 10    Spells: 3/3 levels left

rFire    . . .     SeeInvis .   a - +0 trident
rCold    . . .     Faith    .   c - +0 kite shield
rNeg     . . .     Spirit   .   b - +0 scale mail
rPois    .         Reflect  .   (helmet restricted)
rElec    .         Harm     .   (no cloak)
rCorr    .         Rampage  .   k - +0 pair of gloves
Will     .....                  (no boots)
Stlth    ..........             (no amulet)
HPRegen  0.13/turn              (no ring)
MPRegen  0.08/turn              (no ring)

@: mighty
A: horns 2, retaliatory headbutt
a: no special abilities


You were on level 2 of the Dungeon.
You visited 1 branch of the dungeon, and saw 2 of its levels.

You collected 86 gold pieces.
You spent 55 gold pieces at shops.

Inventory:

Hand Weapons
 a - a +0 trident (weapon)
Armour
 b - a +0 scale mail (worn)
 c - a +0 kite shield (worn)
 k - a +0 pair of gloves (worn)
Scrolls
 e - 4 scrolls of identify {@r1}
 f - 2 scrolls of holy word {unknown}
 g - a scroll of enchant armour {unknown}
 h - 2 scrolls of silence {unknown}
 i - 3 scrolls of fear
 j - a scroll of teleportation {unknown}
 l - a scroll of noise {unknown}
 m - a scroll of torment {unknown}
Potions
 n - a potion of curing {unknown}
 o - a potion of mutation {unknown}
 p - a potion of haste {unknown}


   Skills:
 + Level 4.3 Fighting
 + Level 3.0 Polearms
 + Level 4.5 Armour
 + Level 0.7 Dodging
 + Level 4.4 Shields


You had 3 spell levels left.
You didn't know any spells.
Your spell library was empty.

Dungeon Overview and Level Annotations

Branches:
Dungeon (2/15)

Altars:
Kikubaaqudgha

Shops:
D:2 *

Annotations:
D:2 1 runed translucent door, Crazy Yiuf, Sigmund


Innate Abilities, Weirdness & Mutations

You have a pair of horns on your head.
You reflexively headbutt those who attack you in melee.


Message History

No target in view!
No target in view!
No target in view!
No target in view!
No target in view!
Key pressed, stopping explore.
Key pressed, stopping explore.
Found an ancient bone altar of Kikubaaqudgha.
No target in view!
Sigmund the Dreaded comes into view.
He is wielding a +0 scythe.
Sigmund shouts!
You feel very mighty all of a sudden. Sigmund barely misses you.
You reach to attack!
You closely miss Sigmund. Sigmund hits you but does no damage.
You reach to attack!
You closely miss Sigmund.
Sigmund points at himself and mumbles some strange words.
Sigmund flickers and vanishes!
Deactivating autopickup; reactivate with Ctrl-A.
No target in view!
No target in view!
No target in view!
No target in view!
Something hits you.
You hit something.
You hear some strange, mumbled words.
You are confused.
Something hits you.
You completely miss something. Something hits you.
You're too confused to move!
Something hits you.
You miss something. Your headbutt misses something.
Something hits you but does no damage. Something hits you! Something hits you!
* * * LOW HITPOINT WARNING * * *
You see here 9 gold pieces.
You feel less confused. Something hits you.
* * * LOW HITPOINT WARNING * * *
You puncture something! Something hits you!
You die...

##.# .# #.# ♣♣♣
#.# #####.###.#
### ♣♣♣.♣
#.###......##.#
#...#♣..♣.
#..........##.#
#...+.♣♣♣♣
#.##..._......#
#)..#♣♣ ♣
#.###.....###.##
### #.# #.....#
#.. #.# ##.####
#{# ## #.#
#.######@##..#
#.#
#........$..#
#.#
####.###.####
#.# #.# #.#
#.######### #.#
#....<....# ..#
#########.# ###
#.########
#.........


There were no monsters in sight!

Vanquished Creatures
  A jelly (D:2)
  3 endoplasms
  4 giant cockroaches
  4 goblins
  7 hobgoblins
  8 jackals
  3 kobolds (D:1)
  2 quokkas (D:1)
  7 ball pythons
  2 bats
  A frilled lizard (D:2)
  5 rats
47 creatures vanquished.

Notes
Turn   | Place    | Note
-------+----------+-------------------------------------------
     0 | D:1      | leviel the Minotaur Fighter began the quest for the Orb.
     0 | D:1      | Reached XP level 1. HP: 19/19 MP: 0/0
   304 | D:1      | Reached XP level 2. HP: 26/27 MP: 1/1
   678 | D:1      | Reached XP level 3. HP: 33/33 MP: 2/2
  1049 | D:2      | Found a runed translucent door.
  1050 | D:2      | Noticed Crazy Yiuf
  1124 | D:2      | Reached XP level 4. HP: 35/41 MP: 3/3
  1260 | D:2      | Found Misouba's General Store.
  1268 | D:2      | Bought a scroll of fear for 35 gold pieces
  1268 | D:2      | Bought a scroll of identify for 20 gold pieces
  1282 | D:2      | Found a faded altar of an unknown god.
  1416 | D:2      | Found an ancient bone altar of Kikubaaqudgha.
  1433 | D:2      | Noticed Sigmund
  1443 | D:2      | HP: 1/41 [something (5)]
  1444 | D:2      | Mangled by Sigmund

Illustrated notes

Levels and vault maps discovered:
D:1:      nagdon_arrival_zigzag_paths, layout_basic, dk_noncrumbling_2,
          corexii_item_surrounded_by_moat, minivault_14, minmay_small_reverse_x
D:2:      layout_loops_ring, basic_altar, ebering_ecumenical_altar_petrified,
          serial_shops, nicolae_shop_stone, minmay_tetromino_l4,
          uniq_crazy_yiuf_cottage, uniq_sigmund

Skill      XL: |  1  2  3  4 |
---------------+-------------+-----
Fighting       | 4 |  4.3
Shields        | 4 |  4.4
Armour         | 4 |  4.5
Polearms       | 3 |  3.0
Dodging        | |  0.7

Action                   |  1- 3 |  4- 6 || total
-------------------------+-------+-------++-------
Melee: Trident           |    88 |    18 ||   106
       Headbutt          |     4 |     1 ||     5
  Use: Potion            |       |     1 ||     1
Armor: Scale mail        |    31 |     4 ||    35
Dodge: Dodged            |    24 |     3 ||    27
Block: Kite shield       |    34 |     1 ||    35

Table legend: (Time is in decaauts)
 A = Elapsed time spent in this place.
 B = Non-inter-level travel time spent in this place.
 C = Inter-level travel time spent in this place.
 D = Time resting spent in this place.
 E = Time spent auto-exploring this place.
 F = Levels seen in this place.
 G = Mean time per level.
                   A        B        C        D        E       F      G
               +--------+--------+--------+--------+--------+-----+--------+
         Total |   1487 |   1464 |     23 |      0 |   1218 |   2 |  743.5 |
       Dungeon |   1487 |   1464 |     23 |      0 |   1218 |   2 |  743.5 |
               +--------+--------+--------+--------+--------+-----+--------+

Top non-repeatable levels by time:
     D:1: 813 daAuts
     D:2: 674 daAuts
